 Dungeon Crawl Stone Soup version 0.17.1-3-g152610e (webtiles) character file.

28 Gargoyl the Skirmisher (level 3, -1/29 HPs)
             Began as a Demonspawn Abyssal Knight on Mar 6, 2016.
             Was a Follower of Lugonu.
             Slain by an adder (3 damage)
             ... on level 2 of the Dungeon.
             The game lasted 00:01:29 (1156 turns).

Gargoyl the Skirmisher (Demonspawn Abyssal Knight)  Turns: 1156, Time: 00:01:29

Health: -1/29      AC:  3    Str: 13    XL:     3   Next: 0%
Magic:  4/4        EV: 11    Int: 13    God:    Lugonu [*.....]
Gold:   53         SH:  0    Dex: 12    Spells: 0 memorised, 2 levels left

rFire  . . .     SeeInvis .     a - +1 hand axe
rCold  . . .     Clarity  .     b - +0 leather armour
rNeg   . . .     SustAt   .     (no shield)
rPois  .         Gourm    .     (no helmet)
rElec  .         Spirit   .     (no cloak)
rCorr  .         Warding  .     (no gloves)
rMut   .         Stasis   .     (no boots)
MR     .....                    (no amulet)
Stlth  ++........               (no ring)
                                n - ring of stealth

@: lethally poisoned (-1 -> -5), very slightly contaminated, hasted, invisible,
very quick, not resistant to hostile enchantments, unstealthy
A: hooves 1
a: Depart the Abyss, Renounce Religion


You were on level 2 of the Dungeon.
You worshipped Lugonu.
Lugonu was aware of your devotion.
You were not hungry.

You visited 1 branch of the dungeon, and saw 2 of its levels.
You visited the Abyss 1 time.

You collected 53 gold pieces.

Inventory:

Hand Weapons
 a - a +1 hand axe (weapon)
Armour
 b - a +0 leather armour (worn)
Jewellery
 n - a ring of stealth (left hand)
Scrolls
 h - a scroll of fear {unknown}
 i - a scroll of remove curse {unknown}
 j - a scroll of teleportation {unknown}
 k - a scroll of enchant weapon {unknown}
 l - a scroll of identify {unknown}
Comestibles
 c - 2 bread rations
 f - a royal jelly
 g - 2 fruits
 m - 3 chunks of flesh


   Skills:
 + Level 3.6 Fighting
 + Level 1.9 Axes
 + Level 2.0 Armour
 + Level 1.2 Dodging
 + Level 2.6 Invocations


You had 2 spell levels left.
You didn't know any spells.

Dungeon Overview and Level Annotations

Branches:
Dungeon (2/15)

Altars:


Innate Abilities, Weirdness & Mutations

You have large cloven feet.


Message History

You feel sick. The adder bites you but does no damage. The adder bites you.
* * * LOW HITPOINT WARNING * * *
You barely miss the adder. Your kick misses the adder.
The adder is heavily wounded.
The adder closely misses you.
You closely miss the adder. Your kick misses the adder.
The adder is heavily wounded.
* * * LOW HITPOINT WARNING * * *
You feel sick. The adder closely misses you. The adder closely misses you.
Drink which item? (? for menu, Esc to quit)
It was a potion of haste.
You feel yourself speed up. The adder misses you.
You are very lightly contaminated with residual magic.
Drink which item? (? for menu, Esc to quit)
It was a potion of invisibility.
You fade into invisibility!
The adder barely misses you.
You closely miss the adder. Your kick misses the adder.
The adder is heavily wounded.
The adder bites you.
You die...

#.+............''....+
#.#............##....####
#.#............#..(.....#
#.#............#.†......#
#.#.)..........#........#
#.#............#........#
####.##....#.....##........#
#.......####.######........#####
###.>...........@S'.............
#......#.########..........h..
####.......# #............h
##.####.# #..........###
#...[..###########...#+#
###.#.......# ...... #.#.......#
....... #.#.......# .......
#.##......#


You could see an adder.

Vanquished Creatures
  An adder (D:1)
  2 ball pythons
  2 bats
  A goblin (D:1)
  5 hobgoblins
  A jackal (D:2)
  A giant newt (D:1)
  A kobold (D:1)
  2 rats
16 creatures vanquished.

Notes
Turn   | Place    | Note
--------------------------------------------------------------
     0 | Abyss:1  | Gargoyl the Demonspawn Abyssal Knight began the quest for the Orb.
     0 | Abyss:1  | Reached XP level 1. HP: 18/18 MP: 2/2
    29 | Abyss:1  | Noticed a titan zombie
    33 | D:1      | Escaped the Abyss
    70 | D:1      | Reached skill level 1 in Dodging
   148 | D:1      | Reached * piety under Lugonu
   148 | D:1      | Gained mutation: You have large cloven feet. [demonic ancestry]
   148 | D:1      | Reached XP level 2. HP: 18/24 MP: 3/3
  1148 | D:2      | Reached XP level 3. HP: 15/29 MP: 4/4
  1156 | D:2      | Slain by an adder

Action                   || total
-------------------------++-------
Melee: Hand axe          ||    59
Invok: Depart the Abyss  ||     1
  Use: Scroll            ||     1
       Potion            ||     2
  Eat: Chunk             ||     1
